 Dungeon Crawl Stone Soup version 0.28-a0-1493-g08698888e4 (webtiles) character file.

Game seed: 14845875595084607114

84906 siradein the Thaumaturge (level 16, -4/135 HPs)
             Began as a Djinni Air Elementalist on Jan 13, 2022.
             Was the Champion of Makhleb.
             Slain by a merfolk (17 damage)
             ... on level 1 of the Shoals.
             The game lasted 01:18:01 (24438 turns).

siradein the Thaumaturge (Djinni Air Elementalist) Turns: 24438, Time: 01:18:02

Health: -4/135     AC: 12    Str:  7    XL:     16   Next: 29%
Gold:   2290       EV: 14    Int: 31    God:    Makhleb [******] SH:  0 Dex: 14

rFire   + + .      SeeInvis .   l - staff of air
rCold   + . .      Faith    .   v - orb {guile}
rNeg    . . .      Spirit   .   X - +2 ring mail of Itoug {rC+ Regen+ Slay-4}
rPois   ∞          Reflect  .   c - +2 helmet
rElec   +          Harm     .   Z - +0 cloak
rCorr   .          Rampage  .   f - +0 pair of gloves
Will    .....                   (boots unavailable)
Stlth   +.........              y - amulet of Vitality {Regen+ HP+15}
HPRegen 1.92/turn               N - ring of protection from cold
MPRegen 0.00/turn               C - +6 ring of intelligence

@: flying
A: sickness immunity, fire resistance 2, cold vulnerability 1, float, innate
caster, hp casting, extra vitality 1, no potion heal 1
a: Renounce Religion, Minor Destruction, Lesser Servant of Makhleb, Major
Destruction, Greater Servant of Makhleb


You were on level 1 of the Shoals.
You worshipped Makhleb.
Makhleb was exalted by your worship.
You visited 5 branches of the dungeon, and saw 25 of its levels.

You collected 2402 gold pieces.
You spent 112 gold pieces at shops.

Inventory:

Missiles
 w - 3 throwing nets
Armour
 c - a +2 helmet (worn)
 f - a +0 pair of gloves (worn)
 t - a +1 troll leather armour
 v - an orb of guile (worn)
 X - the +2 ring mail of Itoug (worn) {rC+ Regen+ Slay-4}
   (You found it on level 12 of the Dungeon)

   Slay:      It affects your accuracy & damage with ranged weapons and melee
   (-4).
   rC:        It protects you from cold.
   Regen:     It increases your rate of health regeneration.
 Z - a +0 cloak (worn)
Magical Staves
 l - a staff of air (weapon)
 I - a staff of conjuration
Jewellery
 g - a +4 ring of evasion
 y - the amulet of Vitality (around neck) {Regen+ HP+15}
   (You found it on level 7 of the Dungeon)

   [amulet of regeneration]

   HP:        It affects your health (+15).
   Regen:     It increases your rate of health regeneration.
 C - a +6 ring of intelligence (right hand)
 N - a ring of protection from cold (left hand)
 Q - a +4 ring of slaying
 R - a +6 ring of strength
 T - the amulet of Iseabe {Reflect rCorr SH+5}
   (You found it on level 4 of the Lair of Beasts)

   [amulet of reflection]

   It reflects blocked missile attacks.
   rCorr:     It protects you from acid and corrosion.
   SH:        It affects your SH (+5).
 U - a ring of resist corrosion
Wands
 d - a wand of digging (9)
 j - a wand of charming (7)
 p - a wand of acid (5)
 D - a wand of paralysis (13)
 G - a wand of polymorph (7)
 K - a wand of flame (24)
 L - a wand of mindburst (18)
Scrolls
 e - 2 scrolls of summoning
 h - 2 scrolls of fog
 m - 3 scrolls of silence
 n - 6 scrolls of teleportation
 o - a scroll of magic mapping
 q - 2 scrolls of enchant weapon
 r - 6 scrolls of immolation
 s - 4 scrolls of fear
 A - 2 scrolls of blinking
 H - 5 scrolls of holy word
 W - a scroll of brand weapon
 Y - a scroll of enchant armour
Potions
 a - 10 potions of curing
 b - a potion of lignification {unknown}
 i - 4 potions of might
 k - 5 potions of heal wounds
 u - a potion of haste
 x - 3 potions of resistance
 z - a potion of cancellation {unknown}
 B - 2 potions of ambrosia
 F - 5 potions of brilliance
 P - a potion of degeneration {unknown}
 S - 2 potions of attraction {unknown}
 V - 2 potions of invisibility {unknown}
Miscellaneous
 J - a phantom mirror (inert)
 M - a lightning rod (4/4)
 O - a tin of tremorstones (2/2)


   Skills:
 + Level 12.8 Fighting
 + Level 14.1 Dodging
 - Level 1.5 Stealth
 * Level 14.2 Spellcasting
 + Level 8.2 Invocations
 + Level 8.3 Evocations


You had 9 spell levels left.
You knew the following spells:

 Your Spells              Type           Power      Damage    Failure   Level
a - Shock                 Conj/Air       100%       1d9       1%          1
b - Static Discharge      Conj/Air       100%       N/A       1%          2
c - Swiftness             Air            100%       N/A       1%          3
d - Airstrike             Air            52%        N/A       1%          4
e - Beastly Appendage     Tmut           100%       N/A       1%          1
f - Corpse Rot            Necr/Air       100%       N/A       1%          2
g - Frozen Ramparts       Ice            100%       1d12      1%          3
h - Ignite Poison         Fire/Tmut/Pois 84%        N/A       1%          3
i - Animate Armour        Summ/Erth      100%       N/A       1%          4
j - Manifold Assault      Tloc           84%        N/A       1%          5
k - Simulacrum            Ice/Necr       42%        N/A       3%          6
Your spell library was empty.

Dungeon Overview and Level Annotations

Branches:
Dungeon (15/15)            Temple (1/1) D:4            Lair (6/6) D:8
 Shoals (1/4) Lair:3       Spider (0/4) Lair:3        Slime (0/5) Lair:5
    Orc (2/2) D:10            Elf (0/3) Orc:2        Vaults (0/5) D:14
 Depths (0/4) D:15

Altars:
Ashenzari
Cheibriados
Dithmenos
Elyvilon
Fedhas
Gozag
Hepliaklqana
Kikubaaqudgha
Makhleb
Nemelex Xobeh
Okawaru
Qazlal
Ru
Sif Muna
Trog
Uskayaw
Vehumet
Wu Jian
Xom
Yredelemnul
Zin
The Shining One
Beogh

Shops:
Orc:2 ?[:[

Annotations:
D:2 1 runed translucent door, Crazy Yiuf
D:4 2 runed translucent doors, murtidash's ghost, novice DjIE


Innate Abilities, Weirdness & Mutations

You are immune to sickness and miasma.
You are immune to poison.
Your flesh is very heat resistant. (rF++)
You are vulnerable to cold. (rC-)
You float through the air rather than walking.
You learn spells naturally, not from books.
Your magical power is your life essence.
You have superior vitality. (+4 MHP)
Potions are less effective at restoring your health.


Message History

You feel a surge of power!
The air twists around and strikes the merfolk javelineer!
The merfolk javelineer is lightly wounded.
A nearby plant withers and dies. x2; The merfolk throws a silver boomerang.
The silver boomerang hits you but does no damage.
The silver sears you!
The merfolk javelineer throws a silver javelin.
The silver javelin pierces through you! The silver sears you!
The merfolk hits you from afar with a +2 trident of protection!
The merfolk barely misses you.
You feel a surge of power!
The air twists around and strikes the merfolk!
You kill the merfolk!
Makhleb accepts your kill.
You feel better.
You hear a splash. x2
The merfolk barely misses you.
The merfolk javelineer throws a silver javelin.
The silver javelin barely misses you. The merfolk barely misses you.
The merfolk hits you from afar with a +0 trident!!
Casting: Airstrike (safe; 1% risk of failure)
Confirm with . or Enter, or press ? or * to list all spells.
The merfolk throws a silver boomerang.
The silver boomerang closely misses you.
The merfolk javelineer throws a silver javelin.
The silver javelin pierces through you! The silver sears you!
The merfolk closely misses you.
The merfolk throws a boomerang of dispersal.
The boomerang of dispersal misses you.
The merfolk throws a silver boomerang.
The silver boomerang hits you!
* * * LOW HITPOINT WARNING * * *
The silver sears you!
* * * LOW HITPOINT WARNING * * *
The merfolk javelineer throws a silver javelin.
The silver javelin pierces through you!
* * * LOW HITPOINT WARNING * * *
The silver sears you!
* * * LOW HITPOINT WARNING * * *
The merfolk hits you from afar with a +2 trident of protection!
You die...

≈,,,,,,,***,≈≈≈≈≈≈≈≈,,,*,,≈≈,,,,,
≈,,,,,,,,*,.≈≈≈≈≈≈≈≈≈≈..,,≈≈≈,,,,
≈≈≈≈,***,.,,..≈≈≈≈≈≈≈≈≈.,,≈≈,,***
≈≈≈,,,*,,..##..≈≈≈P≈≈≈≈≈,,≈,*** *
≈≈≈,***,,.....≈≈≈≈≈≈≈≈≈≈,,,**
≈≈,,***,,...P≈PPm≈≈≈≈.≈≈≈,** *
≈≈,,,,,,,..≈P≈PPmmm.≈≈..,,* *****
≈,≈≈,,,,,..≈P≈≈P≈.m.....,,* *,,,,
≈≈≈≈≈,≈≈,..≈≈P[≈@≈......,,***,,,,
≈≈≈≈≈≈≈,,≈≈≈≈≈≈≈.....=##****,,,,,
,≈≈≈≈≈≈≈≈≈≈≈≈≈≈≈.#....#***,,,,,,,
,≈≈≈≈≈≈≈≈≈≈≈≈≈≈≈≈..≈....,,,,,*,,,
,≈≈≈≈≈≈≈≈≈≈≈≈≈≈≈≈≈≈≈./..,,,,**,,,
≈≈≈≈≈≈≈≈≈≈≈≈≈≈≈≈≈≈≈≈....,,,,,,,,≈
≈≈≈≈≈≈≈≈≈≈≈≈≈≈≈≈≈≈≈≈≈≈≈≈≈≈,,,,,≈≈
,≈≈≈≈,,≈≈≈≈≈≈≈≈≈≈≈≈≈≈≈≈≈≈≈≈,,≈≈≈≈
≈≈≈≈≈≈≈≈≈≈≈≈≈≈≈≈≈≈≈≈≈≈≈≈≈≈≈≈≈≈≈≈≈


You could see a merfolk javelineer (ally target), 4 merfolk and a friendly
animated ring mail (summoned).

Vanquished Creatures
  Agnes (D:15)
  Nessos (D:13)
  Azrael (D:14)
  A dire elephant (Lair:5)
  An ettin (Orc:2)
  2 fire dragons (D:15)
  2 vault guards (D:14)
  10 hydras
  Harold (D:11)
  2 ogre magi (Orc:2)
  A boulder beetle (Lair:4)
  4 two-headed ogres
  3 death yaks (Lair:6)
  5 centaur warriors
  An orc high priest (Orc:1)
  2 deep trolls (D:7)
  A goliath frog (Lair:6)
  A wizard (D:15)
  Pikel (D:7)
  3 deep elf pyromancers
  An orc knight (Orc:2)
  12 orc sorcerers
  A wolf spider (D:15)
  4 ugly things
  2 oklob plants
  2 manticores (D:12)
  6 cyclopes
  10 elephants
  A guardian serpent (shapeshifter) (D:14)
  A merfolk siren (Lair:3)
  6 black mambas
  A gargoyle (D:11)
  Maggie (D:6)
  15 cane toads
  A kobold demonologist (D:13)
  11 komodo dragons
  2 rime drakes (Lair:5)
  3 efreet
  A yaktaur (D:15)
  A freezing wraith (D:15)
  6 meliai
  A merfolk (Shoals:1)
  6 trolls
  2 polar bears
  3 tyrant leeches (Lair:6)
  12 blink frogs
  8 slime creatures (D:12)
  A wraith (D:12)
  A shadow (D:10)
  A centaur simulacrum (D:15)
  48 yaks
  3 wyverns
  A hog (shapeshifter) (D:14)
  9 humans (D:14)
  12 vampire mosquitoes
  7 basilisks
  15 water moccasins
  An acid dragon (D:8)
  Duvessa (D:6)
  21 orc warriors
  2 black bears
  3 ice beasts
  6 wolves
  8 ogres
  16 centaurs
  A kobold brigand (D:11)
  12 bullfrogs
  5 scorpions
  3 gnoll sergeants
  Dowan (D:6)
  10 killer bees
  4 electric eels
  4 wights (D:8)
  4 howler monkeys
  3 centaur zombies
  3 hounds
  15 orc priests
  A centaur skeleton (D:7)
  A jelly (D:6)
  4 iguanas
  A scorpion zombie (D:5)
  Natasha (thrice) (D:2)
  43 orc wizards
  6 hell rats (Lair:2)
  2 killer bee zombies
  A hound skeleton (D:5)
  A howler monkey zombie (D:10)
  Robin (D:4)
  16 gnolls
  13 adders
  An adder skeleton (D:4)
  2 dart slugs
  113 orcs
  7 ball pythons
  6 endoplasms
  3 giant cockroaches (D:3)
  20 goblins
  16 hobgoblins
  2 jackals (D:5)
  10 kobolds
  6 quokkas
  4 bats
  4 frilled lizards
  7 rats
679 creatures vanquished.

Vanquished Creatures (collateral kills)
  2 ugly things (D:15)
  A troll (D:12)
  A water moccasin (Lair:6)
  2 orcs (Orc:1)
6 creatures vanquished.

Vanquished Creatures (others)
  A human (D:14)
  An orc wizard (Orc:2)
  21 fungi
  108 plants
131 creatures vanquished.

Grand Total: 816 creatures vanquished

Notes
Turn   | Place    | Note
-------+----------+-------------------------------------------
     0 | D:1      | siradein the Djinni Air Elementalist began the quest for
                  | the Orb.
     0 | D:1      | Reached XP level 1. HP: 15/15 MP: 0/0
   156 | D:1      | Reached XP level 2. HP: 2/22 MP: 0/0
   518 | D:1      | Found a faded altar of an unknown god.
   998 | D:1      | Reached skill level 1 in Fighting
  1051 | D:1      | Reached XP level 3. HP: 26/27 MP: 0/0
  1051 | D:1      | Learned a level 1 spell: Beastly Appendage
  2100 | D:2      | Reached XP level 4. HP: 29/32 MP: 0/0
  2356 | D:2      | Noticed Natasha
  2365 | D:2      | Killed Natasha
  2412 | D:2      | Noticed Natasha
  2417 | D:2      | Killed Natasha
  2418 | D:2      | Reached XP level 5. HP: 35/38 MP: 0/0
  2418 | D:2      | Learned a level 2 spell: Corpse Rot
  2707 | D:2      | Found a runed translucent door.
  2708 | D:2      | Noticed Crazy Yiuf
  3018 | D:2      | Reached XP level 6. HP: 28/45 MP: 0/0
  3236 | D:2      | Noticed Natasha
  3244 | D:2      | Killed Natasha
  4493 | D:3      | Gained mutation: You are partially covered in large bone
                  | plates. (SH +4) [potion of mutation]
  4493 | D:3      | Gained mutation: You have hidden genetic defects. [potion
                  | of mutation]
  4493 | D:3      | Gained mutation: A frigid envelope surrounds you and
                  | freezes all who hurt you. [potion of mutation]
  4604 | D:4      | Found a stormy altar of Qazlal.
  4632 | D:4      | Found a runed translucent door.
  4633 | D:4      | Noticed murtidash's ghost (novice DjIE)
  4660 | D:4      | Noticed Robin
  4681 | D:4      | Killed Robin
  4828 | D:4      | Found a runed translucent door.
  4909 | D:4      | Noticed an ogre
  4939 | D:4      | Killed an ogre
  4940 | D:4      | Reached XP level 7. HP: 11/50 MP: 0/0
  4940 | D:4      | Learned a level 3 spell: Frozen Ramparts
  4944 | D:4      | Gained mutation: You are frail. (-10% HP) [hidden defects]
  5328 | D:4      | Found a staircase to the Ecumenical Temple.
  5335 | Temple   | Entered the Ecumenical Temple
  5430 | Temple   | Became a worshipper of Makhleb the Destroyer
  5711 | D:4      | Gained mutation: You occasionally shout uncontrollably at
                  | your foes. [hidden defects]
  5711 | D:4      | Lost mutation: You have hidden genetic defects. [hidden
                  | defects expressed]
  6147 | D:5      | Entered Level 5 of the Dungeon
  6496 | D:5      | Reached skill level 5 in Spellcasting
  6496 | D:5      | Reached XP level 8. HP: 48/52 MP: 0/0
  6525 | D:5      | Reached skill level 5 in Dodging
  7285 | D:5      | Reached * piety under Makhleb
  8017 | D:6      | Reached XP level 9. HP: 54/57 MP: 0/0
  8017 | D:6      | Learned a level 3 spell: Ignite Poison
  8110 | D:6      | Reached skill level 5 in Fighting
  8141 | D:6      | Noticed Duvessa
  8141 | D:6      | Noticed Dowan
  8149 | D:6      | Killed Duvessa
  8151 | D:6      | Killed Dowan
  8291 | D:6      | Noticed Maggie
  8298 | D:6      | Killed Maggie
  8676 | D:6      | Lost mutation: You are partially covered in large bone
                  | plates. (SH +4) [potion of mutation]
  8676 | D:6      | Lost mutation: A frigid envelope surrounds you and freezes
                  | all who hurt you. [potion of mutation]
  8676 | D:6      | Lost mutation: You are frail. (-10% HP) [potion of
                  | mutation]
  8676 | D:6      | Gained mutation: Your mind is acute. (Int +2) [potion of
                  | mutation]
  8676 | D:6      | Gained mutation: Your flesh is almost immune to the effects
                  | of heat. (rF+++) [potion of mutation]
  8930 | D:7      | Noticed Pikel
  8935 | D:7      | Killed Pikel
  9474 | D:7      | Found an opulent altar of Gozag.
  9529 | D:7      | Noticed a deep troll
  9543 | D:7      | Killed a deep troll
  9544 | D:7      | Reached XP level 10. HP: 54/73 MP: 0/0
  9855 | D:7      | Noticed a deep troll
  9860 | D:7      | Killed a deep troll
  9988 | D:7      | Found the amulet of Vitality {Regen+ HP+15}
 10148 | D:8      | Found a basalt altar of Yredelemnul.
 10148 | D:8      | Found a hide-covered altar of Uskayaw.
 10156 | D:8      | Found a faded altar of an unknown god.
 10158 | D:8      | Found a shimmering altar of Xom.
 10160 | D:8      | Found an ornate altar of the Wu Jian Council.
 10511 | D:8      | Reached ** piety under Makhleb
 10852 | D:8      | Found a hazy altar of Hepliaklqana.
 10933 | D:8      | Found a staircase to the Lair.
 11651 | D:9      | Reached XP level 11. HP: 80/80 MP: 0/0
 11651 | D:9      | Learned a level 4 spell: Animate Armour
 11671 | D:9      | Reached *** piety under Makhleb
 11726 | D:9      | Found a shadowy altar of Dithmenos.
 11874 | D:10     | Entered Level 10 of the Dungeon
 11945 | D:10     | Identified the +7 mace of the Dancing Fulmar {spect, rPois
                  | rC- rCorr}
 12166 | D:10     | Noticed a two-headed ogre
 12172 | D:10     | Killed a two-headed ogre
 12530 | D:10     | Found a staircase to the Orcish Mines.
 12646 | D:10     | Identified the +5 flail of Mandamus {vorpal, Dex+4}
 12874 | D:11     | Reached skill level 10 in Spellcasting
 12881 | D:11     | Reached skill level 10 in Dodging
 13110 | D:11     | Reached **** piety under Makhleb
 13158 | D:11     | Noticed Harold
 13164 | D:11     | Killed Harold
 13165 | D:11     | Reached XP level 12. HP: 89/89 MP: 0/0
 13242 | D:11     | Noticed a two-headed ogre
 13250 | D:11     | Killed a two-headed ogre
 13509 | Lair:1   | Entered Level 1 of the Lair of Beasts
 13561 | Lair:1   | You are sucked into a shaft and drop 1 floor!
 14204 | Lair:1   | Reached skill level 10 in Fighting
 14542 | Lair:2   | Reached skill level 1 in Invocations
 14542 | Lair:2   | Reached skill level 1 in Evocations
 14547 | Lair:2   | Reached ***** piety under Makhleb
 14854 | Lair:2   | Noticed a seven-headed hydra
 14860 | Lair:2   | Killed a seven-headed hydra
 14861 | Lair:2   | Reached XP level 13. HP: 95/96 MP: 0/0
 14861 | Lair:2   | Learned a level 5 spell: Manifold Assault
 15391 | Lair:3   | Noticed an eight-headed hydra
 15396 | Lair:3   | Killed an eight-headed hydra
 15398 | Lair:3   | Found a hole to the Spider Nest.
 15487 | Lair:3   | Noticed a seven-headed hydra
 15491 | Lair:3   | Killed a seven-headed hydra
 15900 | Lair:3   | Found a staircase to the Shoals.
 16170 | Lair:4   | Noticed a five-headed hydra
 16176 | Lair:4   | Killed a five-headed hydra
 16446 | Lair:4   | Noticed a boulder beetle
 16466 | Lair:4   | Killed a boulder beetle
 16634 | Lair:4   | Identified the amulet of Iseabe {Reflect rCorr SH+5}
 16751 | Lair:4   | Noticed a five-headed hydra
 16757 | Lair:4   | Killed a five-headed hydra
 17409 | Lair:5   | Found a staircase to the Slime Pits.
 17538 | Lair:5   | Noticed a seven-headed hydra
 17546 | Lair:5   | Killed a seven-headed hydra
 17875 | Lair:6   | Entered Level 6 of the Lair of Beasts
 17879 | Lair:6   | Reached XP level 14. HP: 105/105 MP: 0/0
 17962 | Lair:6   | Reached skill level 5 in Invocations
 17962 | Lair:6   | Reached skill level 5 in Evocations
 18176 | Lair:6   | Reached ****** piety under Makhleb
 18223 | Lair:6   | Noticed a dire elephant
 18431 | Lair:5   | Killed a dire elephant
 18779 | Lair:6   | Identified the +11 mace "Zij Qaniar" {freeze, rCorr}
 19478 | D:12     | Reached XP level 15. HP: 112/112 MP: 0/0
 19478 | D:12     | Learned a level 6 spell: Simulacrum
 19647 | D:12     | Identified the +2 ring mail of Itoug {rC+ Regen+ Slay-4}
 19895 | D:12     | Found a broken altar of Ashenzari.
 20166 | Orc:1    | Entered Level 1 of the Orcish Mines
 20896 | Orc:2    | Entered Level 2 of the Orcish Mines
 20896 | Orc:2    | Found a staircase to the Elven Halls.
 21032 | Orc:2    | Found Myibb's Book Shop.
 21054 | Orc:2    | Paralysed by an orc sorcerer for 6 turns
 21082 | Orc:2    | Paralysed by something for 7 turns
 21100 | Orc:2    | Paralysed by something for 6 turns
 21150 | Orc:2    | Found Bilul's Antique Armour Shop.
 21218 | Orc:2    | Found Ciumoo's Antique Armour Boutique.
 21375 | Orc:2    | Paralysed by an orc sorcerer for 6 turns
 21803 | Orc:2    | Found Ficaim's Magic Scroll Boutique.
 21823 | Orc:2    | Bought 3 scrolls of identify for 84 gold pieces
 21823 | Orc:2    | Bought a scroll of identify for 28 gold pieces
 22369 | D:13     | Noticed Nessos
 22392 | D:13     | Killed Nessos
 22922 | D:14     | Noticed Azrael
 22928 | D:14     | Killed Azrael
 22971 | D:14     | Found a gate to the Vaults.
 23023 | D:14     | Identified the +2 helmet "Cysiut" {rF- rCorr MP+9 Int-2}
 23088 | D:14     | Reached XP level 16. HP: 95/120 MP: 0/0
 23339 | D:15     | Entered Level 15 of the Dungeon
 23343 | D:15     | Lost mutation: Your flesh is almost immune to the effects
                  | of heat. (rF+++) [potion of mutation]
 23343 | D:15     | Lost mutation: You occasionally shout uncontrollably at
                  | your foes. [potion of mutation]
 23343 | D:15     | Lost mutation: Your mind is acute. (Int +2) [potion of
                  | mutation]
 23343 | D:15     | Gained mutation: Potions are less effective at restoring
                  | your health. [potion of mutation]
 23545 | D:15     | Found a sacrificial altar of Ru.
 23687 | D:15     | Found a staircase to the Depths.
 23794 | D:15     | Noticed Agnes
 23800 | D:15     | Killed Agnes
 24429 | Shoals:1 | Entered Level 1 of the Shoals
 24438 | Shoals:1 | Slain by a merfolk

Illustrated notes

Levels and vault maps discovered:
D:1:      giann_forest_graveyard, layout_basic, ebering_ecumenical_altar_mist,
          serial_corexii_hall, corexii_hall_statues_s, corexii_hall_statues_s
D:2:      layout_loops_ring, kennysheep_generic_room_5, uniq_crazy_yiuf_cottage,
          uniq_natasha
D:3:      layout_basic, nicolae_vehumet_radiance, serial_park_tiny_1
D:4:      layout_basic, mainiacjoe_overflow_catwalk, temple_statues,
          ebering_ghost_sewer_f, hangedman_decor_slide_cut, uniq_robin
D:5:      layout_loops_corners, grunt_ministairs_15, st_stairs_5,
          abandoned_shop, hangedman_decor_peaks_small
D:6:      layout_loops_ring, uniq_duvessa, uniq_maggie
D:7:      layout_cave_pods, nicolae_gozag_seed_capital,
          hellmonk_guarded_unrand_vitality_bloodlust, uniq_pikel
D:8:      minmay_inner_zag, layout_loops_ring, nicolae_hepliaklqana_hippocampus,
          chequers_temple_overflow_minitemple
D:9:      layout_cave_pools, kennysheep_mini_moat, special_room
          [special_room_orc]
D:10:     layout_basic, orc_0_dummy, eino_jars
D:11:     layout_basic, hangedman_glass_teeth, uniq_harold
D:12:     layout_cave_pools, evilmike_ruin_ashenzari
D:13:     layout_basic, uniq_nessos
D:14:     layout_roguey, ximxim_vaults_locker_room, minivault_1, uniq_azrael
D:15:     grunt_enter_depths_hoard, layout_gridville, nrook_mini_vaults,
          hangedman_ru_absence, uniq_agnes
Temple:   oiseaux_autumnal_temple
Lair:1:   layout_cave_shapes
Lair:2:   layout_cave_pods
Lair:3:   layout_cellular_growth, minmay_shoals_entry_lonely_mermaid,
          dummy_spider_entry
Lair:4:   layout_roguey, minmay_lair_oklob_items, infiniplex_staircase_pool
Lair:5:   layout_small_grid, dpeg_slime_entry_corner,
          grunt_forest_small_clearing_treed
Lair:6:   minmay_lair_end_frog_pond, layout_long_grid, st_stairs_6,
          serial_bayou_lake_a, lemuel_fruit_fields
Shoals:1: layout_shoals, portal_ice_cave_entry_pillars_2, serial_shops,
          nicolae_shop_temple_entry_statues_fountains,
          nicolae_shop_window_shopping
Orc:1:    layout_caves
Orc:2:    kennysheep_orc_mage_school, layout_caves, basic_altar

Skill      XL: |  1  2  3  4  5  6  7  8  9 10 11 12 13 14 15 16 |
---------------+-------------------------------------------------+-----
Fighting       | 1 2 3 4 6 7 9 10 11 12 | 12.8
Spellcasting   | 3 4 5 6 7 8 10 11 12 13 14 | 14.2
Dodging        | 3 4 6 7 8 10 11 12 13 14 | 14.1
Invocations    | 1 4 6 7 8 |  8.2
Evocations     | 1 4 6 7 8 |  8.3
Stealth        | |  1.5

Action                   |  1- 3 |  4- 6 |  7- 9 | 10-12 | 13-15 | 16-18 || total
-------------------------+-------+-------+-------+-------+-------+-------++-------
Melee: Great sword       |    10 |       |       |       |       |       ||    10
       Staff             |       |       |       |       |    26 |       ||    26
 Cast: Shock             |    70 |   142 |   172 |       |       |       ||   384
       Beastly Appendage |     1 |       |       |       |     4 |       ||     5
       Static Discharge  |       |     2 |    19 |       |     9 |       ||    30
       Swiftness         |       |     1 |     1 |       |       |       ||     2
       Airstrike         |       |       |    18 |   332 |   708 |    82 ||  1140
       Frozen Ramparts   |       |       |       |    13 |    31 |     3 ||    47
       Animate Armour    |       |       |       |     1 |     9 |     1 ||    11
       Corpse Rot        |       |       |       |       |    11 |       ||    11
       Ignite Poison     |       |       |       |       |     2 |       ||     2
       Manifold Assault  |       |       |       |       |     3 |       ||     3
       Simulacrum        |       |       |       |       |     3 |     1 ||     4
Evoke: Phantom mirror    |       |       |       |       |       |     1 ||     1
  Use: Scroll            |       |     4 |     1 |     9 |    11 |     1 ||    26
       Potion            |       |     1 |     1 |       |       |     1 ||     3
Armor: Robe              |     4 |     6 |     4 |       |       |       ||    14
       Steam dragon scal |       |       |     1 |     2 |       |       ||     3
       Troll leather arm |       |       |       |    12 |    28 |       ||    40
       Ring mail         |       |       |       |       |    72 |     6 ||    78
Dodge: Dodged            |    22 |    10 |    31 |    63 |   324 |    23 ||   473
Block: Other             |       |     1 |    11 |       |       |       ||    12

Table legend: (Time is in decaauts)
 A = Elapsed time spent in this place.
 B = Non-inter-level travel time spent in this place.
 C = Inter-level travel time spent in this place.
 D = Time resting spent in this place.
 E = Time spent auto-exploring this place.
 F = Levels seen in this place.
 G = Mean time per level.
                   A        B        C        D        E       F      G
               +--------+--------+--------+--------+--------+-----+--------+
         Total |  24469 |  23299 |   1170 |    592 |  18991 |  25 |  978.8 |
       Dungeon |  16759 |  15970 |    789 |    540 |  13277 |  15 | 1117.3 |
        Temple |    261 |    261 |      0 |      0 |    193 |   1 |  261.0 |
          Lair |   5861 |   5519 |    342 |     49 |   4443 |   6 |  976.8 |
        Shoals |      8 |      8 |      0 |      0 |      0 |   1 |    8.0 |
  Orcish Mines |   1577 |   1538 |     39 |      3 |   1078 |   2 |  788.5 |
               +--------+--------+--------+--------+--------+-----+--------+

Top non-repeatable levels by time:
     D:1: 1780 daAuts
     D:2: 1590 daAuts
     D:5: 1553 daAuts
     D:4: 1364 daAuts
     D:7: 1308 daAuts
     D:8: 1274 daAuts
  Lair:5: 1180 daAuts
     D:3: 1153 daAuts
    D:10: 1128 daAuts
     D:6: 1097 daAuts
  Lair:6: 1076 daAuts
   Orc:2: 1003 daAuts
  Lair:4: 1000 daAuts
    D:12: 903 daAuts
  Lair:2: 900 daAuts
